Map: Sequencer LE

Players

HolyHit

  • Race: Protoss Protoss
  • Spawn Location: 7:00

Sluskis - Winner!

  • Race: Zerg Zerg
  • Spawn Location: 1:00

Event: WCS Jonkoping 2017

VOD

Have the link to the VOD?

Description

Time

  • Played on: June 17, 2017, 8:12 a.m.
  • Length: 6:32

All games in this series

Show
View Real Time Build Order
Export as new Build Order

HolyHit Protoss 

Build Orders: 1 Gate Expand 

Get SALT Encoding   

  12  0:00  Probe (Chrono Boost)  
  13  0:11  Probe (Chrono Boost)  
  14  0:18  Pylon  
  14  0:22  Probe (Chrono Boost)  
  15  0:36  Probe (Chrono Boost)  
  15  0:39  Gateway  
  16  0:44  Assimilator  
  16  0:47  Probe (Chrono Boost)  
  17  0:57  Probe (Chrono Boost)  
  18  1:08  Probe (Chrono Boost)  
  19  1:18  Probe (Chrono Boost)  
  20  1:27  Nexus  
  20  1:33  Probe (Chrono Boost)  
  21  1:42  Cybernetics Core  
  21  1:46  Probe (Chrono Boost)  
  22  1:53  Pylon  
  22  2:00  Assimilator  
  22  2:02  Probe (Chrono Boost)  
  23  2:11  Zealot (Chrono Boost)  
  24  2:20  Mothership Core  
  26  2:35  Zealot (Chrono Boost)  
  28  2:42  Gateway  
  27  2:47  Probe  
  28  2:54  Probe  
  29  3:03  Adept (Chrono Boost)  
  31  3:21  Robotics Facility  
  29  3:29  Stalker (Chrono Boost)  
  31  3:40  Stalker (Chrono Boost)  
  33  3:45  Pylon  
  31  3:50  Pylon  
  29  4:01  Pylon  
  27  4:12  Immortal (Chrono Boost)  
  28  4:25  Mothership Core  
  25  4:46  Immortal (Chrono Boost)  
  29  4:59  Pylon  
  29  5:02  Pylon  
  29  5:14  Gateway  
  29  5:22  Cybernetics Core  
  29  5:39  Immortal (Chrono Boost)  
  33  5:56  Pylon  
Show
View Real Time Build Order
Export as new Build Order

Sluskis Zerg - Winner!

Build Orders: Hatch First, Ravager All-In 

Get SALT Encoding   

  12  0:00  Drone  
  13  0:12  Overlord  
  13  0:17  Drone  
  14  0:31  Drone x2  
  14  0:34  Drone  
  17  0:57  Hatchery  
  17  0:59  Drone  
  17  1:01  Drone  
  18  1:12  Extractor  
  18  1:17  Spawning Pool  
  16  1:20  Drone  
  16  1:25  Drone  
  18  1:29  Drone  
  19  1:44  Overlord  
  19  1:59  Drone  
  20  2:11  Queen  
  20  2:12  Roach Warren  
  20  2:14  Queen  
  23  2:16  Drone  
  23  2:18  Drone  
  23  2:21  Zergling x2  
  26  2:26  Extractor  
  26  2:27  Drone  
  26  2:35  Drone  
  27  2:54  Roach  
  27  2:55  Roach x2  
  33  2:59  Overlord x2  
  33  3:12  Queen  
  36  3:27  Roach x3  
  36  3:28  Ravager  
  36  3:29  Ravager x2  
  36  3:34  Overlord  
  41  3:50  Queen  
  35  4:10  Roach x3  
  35  4:12  Roach x2  
  45  4:18  Ravager  
  43  4:39  Ravager  
  43  4:41  Roach x2  
  43  4:42  Roach  
  50  4:51  Queen  
  52  5:08  Overlord x2  
  52  5:27  Roach x5  
  62  5:32  Ravager  
  64  5:35  Zergling x4  
  64  5:36  Zergling x2  
  66  5:54  Ravager, Zergling x2  
Tags
 
Add a new tag
Caveats
  • Supply blocks, unpowered buildings, or Contaminate may cause inaccurate times.
  • Supply counts are checked every 10 seconds.